 Dungeon Crawl Stone Soup version 0.31-a0-177-g4aa6249778 (webtiles) character file.

Game seed: 4271136217609825750

345 quinnr the Gusty (level 6, 0/32 HPs)
             Began as a Tengu Air Elementalist on June 18, 2023.
             Succumbed to a scorpion's poison
             ... on level 4 of the Dungeon.
             The game lasted 00:08:04 (4321 turns).

quinnr the Gusty (Tengu Air Elementalist)           Turns: 4321, Time: 00:08:04

Health: 0/32       AC:  2    Str:  6 (9)  XL:     6   Next: 58%
Magic:  1/10       EV: 14    Int: 14 (17) God:
Gold:   160        SH:  0    Dex: 12 (14) Spells: 4/9 levels left

rFire   . . .        d - +3 dagger
rCold   . . .        (no shield)
rNeg    . . .        a - +0 robe
rPois   .            (helmet restricted)
rElec   .            (no cloak)
rCorr   .            (no gloves)
SInv    .            (boots unavailable)
Will    .....        (no amulet)
Stlth   ++           (no ring)
HPRegen 0.25/turn    (no ring)
MPRegen 0.12/turn

%: no passive effects
@: lethally poisoned (0 -> -3), about to teleport, weak-willed, flying quickly
and evasively, quick
A: beak, talons 3, nimble flight
a: no special abilities


You were on level 4 of the Dungeon.
You visited 1 branch of the dungeon, and saw 4 of its levels.

You collected 160 gold pieces.


Innate Abilities, Weirdness & Mutations

You have a beak for a mouth.
You have claws for feet.
Your magical nature lets you fly swiftly and evasively.


   Skills:
 - Level 2.0 Short Blades
 - Level 2.1 Dodging
 - Level 4.0 Stealth
 - Level 2.0 Spellcasting
 - Level 1.3 Conjurations
 + Level 3.9 Summonings
 - Level 6.4 Air Magic


You had 4 spell levels left.
You knew the following spells:

 Your Spells              Type           Power      Damage    Failure   Level
a - Airstrike             Air            9%         2d(2-18)  17%         4
z - Shock                 Conj/Air       48%        1d6       4%          1

Your spell library contained the following spells:

 Spells                   Type           Power      Damage    Failure   Level
 Swiftness                Air            19%        N/A       4%          3
 Static Discharge         Conj/Air       24%        2-3/arc   7%          2
 Call Canine Familiar     Summ           12%        N/A       14%         3
 Slow                     Hex            4%         N/A       24%         1
 Confusing Touch          Hex            1%         N/A       56%         3
 Portal Projectile        Hex/Tloc       2%         N/A       56%         3
 Vampiric Draining        Necr           1%         2d6       56%         3
 Leda's Liquefaction      Hex/Erth       0%         N/A       93%         4

Inventory:

Hand Weapons
 d - a +3 dagger (weapon)
Armour
 a - a +0 robe (worn)
Jewellery
 C - a ring of ice
Wands
 g - a wand of paralysis (1)
Scrolls
 e - 2 scrolls of identify {@r1}
 f - a scroll of enchant weapon {unknown}
 h - 4 scrolls of teleportation {@r2}
 j - a scroll of poison
 l - a scroll of revelation {unknown}
Potions
 b - a potion of magic

Dungeon Overview and Level Annotations

Branches:
Dungeon (4/15)
 Temple: D:4-7

Altars:
Trog

...........###.......##.# ..
...........###....##.#..###.
..................#.........
.#........##..................
...######.#..........#........
........#.......#....#........
▒......#....##..........##.
###..###............##...).
...###..†....@.........##.....
#.......†..†h......#..#......
..........†...........#.##.....
#........##)........###....##..
............#......## .........
#....##...)###.....# #.#######+
##....###..###.....#...
............##........
..##.###....#.........


You could see a friendly hound (summoned, weak-willed).


Message History

There was something very wrong with that liquid.
You feel weakened.
You feel dopey.
You feel clumsy.
* * * LOW HITPOINT WARNING * * *
You feel sick.
Unknown command.
Unknown command.
It was a potion of cancellation.
You feel magically purged.
* * * LOW HITPOINT WARNING * * *
You feel sick.
Unknown command.
Unknown command.
As you read the scroll labelled WUFROPAEWNA, it crumbles to dust.
Magic quickly surges around you.
It was a scroll of vulnerability.
* * * LOW HITPOINT WARNING * * *
You feel sick.
As you read the scroll labelled WYOLUD OXEGH, it crumbles to dust.
You feel strangely unstable.
It was a scroll of teleportation.
* * * LOW HITPOINT WARNING * * *
You feel sick.
Unknown command.
As you read the scroll labelled JUIMAL WAXT, it crumbles to dust.
It is a scroll of amnesia.
Forget Call Canine Familiar, freeing 3 spell levels for a total of 4?
Your memory of Call Canine Familiar unravels.
* * * LOW HITPOINT WARNING * * *
You feel sick.
As you read the scroll labelled XOORHA BUWKA, it crumbles to dust.
It is a scroll of identify.
j - a scroll of poison You die...

Skill      XL: |  1  2  3  4  5  6 |
---------------+-------------------+-----
Stealth        | 3 4 |  4.0
Air Magic      | 5 6 |  6.4
Short Blades   | 1 2 |  2.0
Summonings     | 1 3 |  3.9
Dodging        | |  2.1
Spellcasting   | |  2.0
Conjurations   | |  1.3

Action                     |  1- 3 |  4- 6 || total
---------------------------+-------+-------++-------
  Melee: Dagger            |     5 |    15 ||    20
         Kick              |     2 |     5 ||     7
         Peck              |       |     4 ||     4
         Punch             |       |     1 ||     1
   Cast: Shock             |    91 |   130 ||   221
         Call Canine Famil |       |     2 ||     2
    Use: Potion            |       |     3 ||     3
         Scroll            |       |     4 ||     4
 Armour: Robe              |     4 |    10 ||    14
  Dodge: Dodged            |    10 |    19 ||    29

Levels and vault maps discovered:
D:1:      dpeg_arrival_three_same_balls, layout_basic
D:2:      layout_loops_cross, uniq_robin
D:3:      minmay_recursive_quarters, layout_loops_ring, trog_wizard,
          nicolae_ecumenical_oubliette, minmay_snake_closets
D:4:      layout_cave_pools, mainiacjoe_overflow_large_starburst,
          minmay_door_square, columned_hall_lemuel, nicolae_stop_n_shop_1,
          hangedman_abyss_or_decor_passed, eino_tiny_chamber, uniq_edmund,
          uniq_pikel

Notes
Turn   | Place    | Note
-------+----------+-------------------------------------------
     0 | D:1      | quinnr the Tengu Air Elementalist began the quest for the
                  | Orb.
     0 | D:1      | Reached XP level 1. HP: 10/10 MP: 4/4
   288 | D:1      | Reached XP level 2. HP: 15/15 MP: 1/6
   905 | D:1      | Reached XP level 3. HP: 19/19 MP: 4/7
   986 | D:1      | Reached skill level 3 in Stealth
  1055 | D:1      | Reached skill level 5 in Air Magic
  1654 | D:2      | Reached XP level 4. HP: 24/24 MP: 4/8
  2047 | D:2      | Noticed Robin
  2248 | D:2      | Killed Robin
  2255 | D:2      | Reached skill level 1 in Short Blades
  2603 | D:3      | Found a bloodstained altar of Trog.
  2604 | D:3      | Noticed a wizard
  2609 | D:3      | Killed a wizard
  2780 | D:3      | Found a faded altar of an unknown god.
  2912 | D:4      | Gained mutation: Your magical nature lets you fly swiftly
                  | and evasively. [Tengu growth]
  2912 | D:4      | Reached XP level 5. HP: 23/28 MP: 6/9
  2922 | D:3      | Reached skill level 4 in Stealth
  3075 | D:3      | Reached skill level 2 in Short Blades
  3202 | D:3      | Reached skill level 6 in Air Magic
  3259 | D:3      | Learned a level 4 spell: Airstrike
  3685 | D:3      | Learned a level 3 spell: Call Canine Familiar
  4103 | D:4      | Reached skill level 1 in Summonings
  4198 | D:4      | Reached XP level 6. HP: 32/32 MP: 1/10
  4203 | D:4      | Reached skill level 2 in Summonings
  4313 | D:4      | Reached skill level 3 in Summonings
  4317 | D:4      | HP: 3/32 [poisoned by a scorpion]
  4319 | D:4      | HP: 1/32 [poisoned by a scorpion]
  4321 | D:4      | Succumbed to a scorpion's poison

Vanquished Creatures
  A hound (D:4)
  Robin (D:2)
  9 adders
  A dart slug (D:3)
  An orc (D:4)
  10 ball pythons
  7 endoplasms
  A giant cockroach (D:3)
  14 hobgoblins
  10 jackals
  3 quokkas
  6 bats
  A frilled lizard (D:1)
  14 goblins
  11 kobolds
  7 rats
97 creatures vanquished.

Vanquished Creatures (collateral kills)
  A scorpion (D:4)
  A hound (D:4)
  An orc wizard (D:4)
  An orc (D:4)
  A jackal (D:4)
5 creatures vanquished.

Vanquished Creatures (others)
  A wizard (D:3)
1 creature vanquished.

Grand Total: 103 creatures vanquished

Table legend: (Time is in decaauts)
 A = Elapsed time spent in this place.
 B = Non-inter-level travel time spent in this place.
 C = Inter-level travel time spent in this place.
 D = Time resting spent in this place.
 E = Time spent auto-exploring this place.
 F = Levels seen in this place.
 G = Mean time per level.
                   A        B        C        D        E       F      G
               +--------+--------+--------+--------+--------+-----+--------+
         Total |   4251 |   4089 |    162 |     35 |   3433 |   4 | 1062.8 |
       Dungeon |   4251 |   4089 |    162 |     35 |   3433 |   4 | 1062.8 |
               +--------+--------+--------+--------+--------+-----+--------+

Top non-repeatable levels by time:
     D:3: 1488 daAuts
     D:1: 1336 daAuts
     D:2: 1132 daAuts
     D:4: 295 daAuts

Table legend:
 A = Non-vault XP
 B = Vault XP
 C = Vault XP percentage of total XP
 D = Non-vault monster count
 E = Vault monster count
 F = Vault count percentage of total count
                 A         B        C        D         E       F
            +---------+---------+-------+---------+---------+-------
      Total |     387 |     106 |  21.5 |      76 |      26 |  25.5
            +---------+---------+-------+---------+---------+-------
        D:1 |      59 |       0 |   0.0 |      36 |       0 |   0.0
        D:2 |      34 |      35 |  50.7 |      13 |      11 |  45.8
        D:3 |      48 |      71 |  59.7 |       9 |      15 |  62.5
        D:4 |     246 |       0 |   0.0 |      18 |       0 |   0.0
            +---------+---------+-------+---------+---------+-------

Levels and vault maps discovered:
D:1:      dpeg_arrival_three_same_balls, layout_basic
D:2:      layout_loops_cross, uniq_robin
D:3:      minmay_recursive_quarters, layout_loops_ring, trog_wizard,
          nicolae_ecumenical_oubliette, minmay_snake_closets
D:4:      layout_cave_pools, mainiacjoe_overflow_large_starburst,
          minmay_door_square, columned_hall_lemuel, nicolae_stop_n_shop_1,
          hangedman_abyss_or_decor_passed, eino_tiny_chamber, uniq_edmund,
          uniq_pikel
